 Dungeon Crawl Stone Soup version 0.18.1-48-g4cf74bf (webtiles) character file.

60589 Inkary the Peltast (level 14, -17/130 HPs)
             Began as a Minotaur Fighter on Aug 30, 2016.
             Was the Champion of Ashenzari.
             Demolished by a death yak (26 damage)
             ... on level 8 of the Lair of Beasts.
             The game lasted 00:47:41 (18408 turns).

Inkary the Peltast (Minotaur Fighter)              Turns: 18408, Time: 00:47:42

Health: -17/130    AC: 16    Str: 18    XL:     14   Next: 57%
Magic:  13/13      EV: 11    Int:  7    God:    Ashenzari [******]
Gold:   1482       SH: 15    Dex: 15    Spells: 0 memorised, 13 levels left

rFire  . . .     SeeInvis +     i - +11 spear "Death Rattle" {pierce, +Fly rElec rC+ Str-5} (curse)
rCold  + + .     Gourm    .     Q - +0 troll leather armour (curse)
rNeg   . . .     Faith    .     c - +0 shield (curse)
rPois  +         Spirit   .     (helmet restricted)
rElec  +         Dismiss  .     M - +2 cloak {rPois} (curse)
rCorr  .         Reflect  .     R - +0 pair of gloves (curse)
SustAt .         Harm     +     J - +2 pair of boots of Todatoriuh {MR+ Regen+ Int+2} (curse)
MR     ++...     Clarity  +     V - amulet of harm (curse)
Stlth  +.........               B - +1 ring of protection
                                W - +2 ring of dexterity (curse)

@: very resistant to hostile enchantments, very unstealthy
A: retaliatory headbutt, horns 2, talons 1, berserk 1, clarity, cold resistance
1, regeneration 1
a: Curse Item, Scrying, Transfer Knowledge, Renounce Religion, Evoke Flight


You were on level 8 of the Lair of Beasts.
You worshipped Ashenzari.
Ashenzari was exalted by your worship.
You were not hungry.

You visited 3 branches of the dungeon, and saw 22 of its levels.
You also visited: Ice Cave.

You collected 1718 gold pieces.
You spent 236 gold pieces at shops.

Inventory:

Hand Weapons
 i - the cursed +11 spear "Death Rattle" (weapon) {pierce, +Fly rElec rC+ Str-5}
   (You found it in an ice cave)

   It inflicts extra damage upon your enemies.
   It affects your strength (-5).
   It protects you from cold.
   It insulates you from electricity.
   It lets you fly.
   It has a curse placed upon it.
Missiles
 G - 6 silver tomahawks
 I - 6 throwing nets (quivered)
Armour
 c - a cursed +0 shield (worn)
 J - the cursed +2 pair of boots of Todatoriuh (worn) {MR+ Regen+ Int+2}
   (You found it on level 8 of the Dungeon)

   It affects your intelligence (+2).
   It affects your resistance to hostile enchantments.
   It increases your rate of regeneration.
   It has a curse placed upon it.
 M - a cursed +2 cloak of poison resistance (worn)
 Q - a cursed +0 troll leather armour (worn)
 R - a cursed +0 pair of gloves (worn)
 Y - a +2 ring mail of fire resistance
Jewellery
 B - a +1 ring of protection (right hand)
 V - a cursed amulet of harm (around neck)
 W - a cursed +2 ring of dexterity (left hand)
Wands
 b - a wand of heal wounds (2/9)
 D - a wand of iceblast (8/15)
 K - a wand of teleportation (3/9)
 L - a wand of digging (8/24)
 S - a wand of lightning (5/15)
Scrolls
 o - a scroll of fog
 q - a scroll of enchant weapon
 s - a scroll of immolation
 w - 7 scrolls of teleportation
 A - 6 scrolls of enchant armour
 C - 3 scrolls of fear
 H - 2 scrolls of blinking
 N - a scroll of identify
 Z - a scroll of remove curse
Potions
 a - 2 potions of invisibility
 e - a potion of resistance
 g - 3 potions of heal wounds
 h - 5 potions of brilliance
 j - 4 potions of lignification
 k - 5 potions of agility
 m - 4 potions of mutation
 p - 2 potions of flight
 t - 3 potions of cancellation
 u - a potion of cure mutation
 v - 11 potions of curing
 z - 7 potions of ambrosia
 O - a potion of magic
 X - a potion of might
Books
 x - a book of Fire

   Spells                             Type                      Level
   a - Ignite Poison                  Fire/Transmutation/Poison    3
   b - Fireball                       Conjuration/Fire             5
   c - Bolt of Fire                   Conjuration/Fire             6
   d - Delayed Fireball               Conjuration/Fire             7
   e - Ring of Flames                 Charms/Fire                  7
 y - a book of Burglary

   Spells                             Type                      Level
   a - Swiftness                      Charms/Air                   2
   b - Passwall                       Transmutation/Earth          2
   c - Passage of Golubria            Translocation                4
   d - Lee's Rapid Deconstruction     Earth                        5
   e - Darkness                       Hexes                        6
   f - Invisibility                   Hexes                        6
 F - a book of Callings

   Spells                             Type                      Level
   a - Summon Small Mammal            Summoning                    1
   b - Call Imp                       Summoning                    2
   c - Call Canine Familiar           Summoning                    3
   d - Summon Guardian Golem          Hexes/Summoning              3
   e - Summon Lightning Spire         Summoning/Air                4
   f - Summon Ice Beast               Ice/Summoning                4
Miscellaneous
 d - a sack of spiders {used: 1}
 r - a plain deck of defence
 E - a plain deck of wonders
 P - an ornate deck of destruction
 U - a lamp of fire
Comestibles
 f - 11 bread rations
 l - 14 meat rations
 n - 8 beef jerkies
 T - 4 chunks of flesh


   Skills:
 - Level 13.8 Fighting
   Level 9.5 Maces & Flails
 * Level 13.0(17.1) Polearms
 + Level 6.6 Throwing
 - Level 13.8 Armour
 - Level 15.8(18.3) Shields


You had 13 spell levels left.
You didn't know any spells.

Dungeon Overview and Level Annotations

Branches:
Dungeon (13/15)            Temple (1/1) D:7            Lair (8/8) D:8
  Swamp (0/4) Lair:4       Spider (0/4) Lair:5        Slime (0/6) Lair:7
    Orc (0/2) D:12
 Vaults: D:13-14

Altars:
Ashenzari
Cheibriados
Dithmenos
Elyvilon
Fedhas
Gozag
Kikubaaqudgha
Makhleb
Nemelex Xobeh
Okawaru
Pakellas
Qazlal
Ru
Sif Muna
Trog
Vehumet
Xom
Yredelemnul
Zin
The Shining One

Shops:
D:5 !   D:6 !   D:11 :


Innate Abilities, Weirdness & Mutations

You reflexively headbutt those who attack you in melee.
You have a pair of horns on your head.
You have sharp toenails.
You tend to lose your temper in combat.
You possess an exceptional clarity of mind.
Your flesh is cold resistant.
Your natural rate of healing is unusually fast.


Message History

You assume a fearsome visage.
The death yak resists with almost no effort. x2
The death yak looks frightened!
The death yak resists with almost no effort.
The death yak gores you.
* * * LOW HITPOINT WARNING * * *
The death yak gores you.
* * * LOW HITPOINT WARNING * * *
You block the death yak's attack.
Drink which item? (? for menu, Esc to quit)
Okay, then.
Evoke which item? (* to show all) (? for menu, Esc to quit)
Zapping:
b - a wand of heal wounds (3/9)
Press: ? - help, Shift-Dir - straight line, f - you You feel much better.
This wand has 2 charges left.
The death yak gores you!
* * * LOW HITPOINT WARNING * * *
The death yak barely misses you. You furiously retaliate!
You headbutt the death yak, but do no damage.
The death yak gores you!!
You die...

.........................)..PPP..
...##..###.................PPP...
..###### ##.........)......P.P...
.## ######..............P..#..P
.######.P###...............PP#...
###........#....Y..........P..#.#
###.#......#..............P.....P
.######....#.....Y...............
.##...#..÷......@Y...............
.##..#..÷.#.#....Y...............
###...#.......................)..
# ####.....#.....................
# ###÷...###.................#...
###...=#####.......#......#..##..
.#.........#.......##.....#..#.#.
##P....#...#####.####......PP....
##.....#...####### ##..†..P.....


You could see 4 death yaks.

Vanquished Creatures
  Maud (Lair:3)
  Harold (D:10)
  5 hydras
  Erolcha (D:10)
  A catoblepas (Lair:8)
  4 death yaks (Lair:8)
  A tengu warrior (D:13)
  Urug (D:10)
  2 unseen horrors
  Pikel (D:8)
  7 hill giants
  An ugly thing (D:11)
  3 cyclopes
  4 griffons
  A deep elf mage (D:12)
  4 manticores
  A centaur zombie (D:11)
  9 elephants
  3 ice statues (IceCv)
  2 black mambas
  A torpor snail (Lair:8)
  Psyche (D:9)
  15 spiny frogs
  2 centaur skeletons
  A rime drake (Lair:5)
  6 komodo dragons
  2 efreet
  4 trolls
  2 polar bears (D:11)
  A boulder beetle (Lair:6)
  A slime creature (D:13)
  17 blink frogs
  A wraith (D:13)
  A shadow (D:12)
  2 vampires
  34 yaks
  6 wyverns
  2 humans (D:8)
  10 hippogriffs
  3 basilisks
  2 hungry ghosts
  A soldier ant (D:12)
  21 water moccasins
  Duvessa (D:7)
  6 porcupines
  8 orc warriors
  2 black bears
  8 ice beasts
  A slave (D:8)
  5 sky beasts
  A necrophage (D:10)
  2 phantoms
  An eye of draining (D:13)
  8 ogres
  6 wolves (Lair:2)
  11 centaurs
  14 crocodiles
  2 big kobolds
  21 giant frogs
  A gnoll sergeant (D:7)
  A wyvern skeleton (D:10)
  Dowan (D:7)
  A wyvern zombie (D:13)
  8 scorpions
  3 killer bees (D:11)
  3 wights (D:11)
  4 howler monkeys
  6 electric eels (Lair:6)
  5 crimson imps
  2 quasits
  5 giant frog zombies
  7 hounds
  10 jellies
  2 giant frog skeletons
  17 orc priests
  Crazy Yiuf (D:7)
  17 orc wizards
  7 iguanas
  14 worker ants
  24 sheep
  2 hound skeletons (D:5)
  A howler monkey skeleton (D:7)
  11 gnolls
  8 adders
  23 river rats
  3 shadow imps
  12 white imps (Lair:6)
  5 oozes
  4 adder skeletons
  5 worms
  3 dart slugs
  A giant gecko (D:1)
  60 orcs
  3 giant cockroaches
  8 goblins
  7 hobgoblins
  18 jackals
  4 quokkas
  14 bats
  A giant cockroach zombie (D:5)
  5 giant newts
  A jackal zombie (D:6)
  21 kobolds
  8 rats
653 creatures vanquished.

Vanquished Creatures (others)
  A porcupine (Lair:7)
  A water moccasin (Lair:7)
  3 fungi (Lair:8)
  6 plants
11 creatures vanquished.

Grand Total: 664 creatures vanquished

Notes
Turn   | Place    | Note
--------------------------------------------------------------
     0 | D:1      | Inkary the Minotaur Fighter began the quest for the Orb.
     0 | D:1      | Reached XP level 1. HP: 19/19 MP: 0/0
   159 | D:1      | Reached XP level 2. HP: 26/27 MP: 1/1
   364 | D:1      | Reached skill level 4 in Shields
   409 | D:1      | Reached XP level 3. HP: 24/33 MP: 2/2
  1309 | D:2      | Reached XP level 4. HP: 39/40 MP: 3/3
  1382 | D:3      | Noticed a centaur
  1391 | D:3      | Killed a centaur
  1391 | D:3      | Reached XP level 5. HP: 12/47 MP: 4/4
  1633 | D:3      | Found a faded altar to an unknown god.
  1695 | D:3      | Found a stormy altar of Qazlal.
  1781 | D:3      | Reached skill level 5 in Armour
  1927 | D:3      | Reached skill level 5 in Shields
  2092 | D:3      | Reached skill level 5 in Fighting
  2092 | D:3      | Reached XP level 6. HP: 32/56 MP: 5/5
  3051 | D:4      | Found a shattered altar of Ashenzari.
  3058 | D:4      | Found a glowing silver altar of Zin.
  3071 | D:4      | Became a worshipper of Ashenzari the Shackled
  3307 | D:5      | Entered Level 5 of the Dungeon
  3327 | D:5      | Reached skill level 5 in Maces & Flails
  3344 | D:5      | Reached XP level 7. HP: 42/61 MP: 6/6
  3562 | D:5      | Reached skill level 6 in Shields
  3566 | D:5      | Gained mutation: Your natural rate of healing is unusually fast. [mutagenic meat]
  3567 | D:5      | Gained mutation: You possess an exceptional clarity of mind. [mutagenic meat]
  3568 | D:5      | Gained mutation: Your flesh is cold resistant. [mutagenic meat]
  3569 | D:5      | Gained mutation: You have sharp toenails. [mutagenic meat]
  3570 | D:5      | Gained mutation: You tend to lose your temper in combat. [mutagenic meat]
  3587 | D:5      | Found Qyrr's Distillery.
  3593 | D:5      | Bought a potion of curing for 36 gold pieces
  3593 | D:5      | Bought a potion of heal wounds for 60 gold pieces
  3986 | D:5      | Reached * piety under Ashenzari
  4103 | D:6      | Reached XP level 8. HP: 55/71 MP: 7/7
  4177 | D:6      | Found a sparkling altar of Nemelex Xobeh.
  4219 | D:6      | Reached skill level 7 in Shields
  4831 | D:6      | Found Daqupn's Distillery.
  4846 | D:6      | Bought 2 potions of heal wounds for 140 gold pieces
  5034 | D:6      | Reached ** piety under Ashenzari
  5150 | D:6      | Found a blossoming altar of Fedhas.
  5314 | D:7      | Reached XP level 9. HP: 42/81 MP: 2/8
  5431 | D:7      | Found a staircase to the Ecumenical Temple.
  5448 | Temple   | Entered the Ecumenical Temple
  5568 | D:7      | Found a white marble altar of Elyvilon.
  5580 | D:7      | Reached skill level 8 in Shields
  5857 | D:7      | Noticed Crazy Yiuf
  5866 | D:7      | Killed Crazy Yiuf
  5935 | D:7      | Noticed Dowan
  5936 | D:7      | Noticed Duvessa
  5950 | D:7      | Killed Duvessa
  5952 | D:7      | Killed Dowan
  6084 | D:8      | Got the uncursed pair of boots of Todatoriuh {MR+ Regen+ Int+2}
  6090 | D:8      | Identified the +2 pair of boots of Todatoriuh {MR+ Regen+ Int+2} (You found it on level 8 of the Dungeon)
  6140 | D:8      | Found a staircase to the Lair.
  6141 | D:8      | Noticed a komodo dragon
  6183 | D:8      | Killed a komodo dragon
  6253 | D:8      | Found a radiant altar of Vehumet.
  6558 | D:8      | Reached skill level 9 in Shields
  6806 | D:8      | Reached XP level 10. HP: 23/91 MP: 9/9
  6826 | D:8      | Reached skill level 10 in Maces & Flails
  6867 | D:8      | Found an iron altar of Okawaru.
  7143 | D:8      | Reached *** piety under Ashenzari
  7259 | D:9      | Noticed Pikel
  7294 | D:8      | Killed Pikel
  7329 | D:9      | Noticed Psyche
  7337 | D:9      | Killed Psyche
  7446 | D:9      | Found a deep blue altar of Sif Muna.
  7907 | D:10     | Entered Level 10 of the Dungeon
  7910 | D:10     | Noticed a hill giant
  7943 | D:9      | Killed a hill giant
  7943 | D:9      | Reached skill level 10 in Fighting
  7943 | D:9      | Reached skill level 10 in Armour
  7985 | D:9      | Reached skill level 10 in Shields
  8226 | D:10     | Noticed Urug
  8244 | D:10     | Killed Urug
  8244 | D:10     | Reached XP level 11. HP: 69/100 MP: 10/10
  8273 | D:10     | Noticed Erolcha
  8288 | D:10     | Killed Erolcha
  8438 | D:10     | Noticed Harold
  8471 | D:10     | Killed Harold
  8858 | D:11     | Found a bloodstained altar of Trog.
  9159 | D:11     | Noticed an unseen horror
  9171 | D:11     | Killed an unseen horror
  9295 | D:11     | Reached skill level 11 in Shields
  9323 | D:11     | Noticed a red ugly thing
  9335 | D:11     | Killed a red ugly thing
  9554 | D:11     | Found a shimmering altar of Xom.
  9696 | D:11     | Found Wuobawuy's Book Emporium.
  9697 | D:11     | Noticed a hill giant
  9711 | D:11     | Killed a hill giant
  9864 | D:12     | Noticed a seven-headed hydra
  9876 | D:12     | Killed a seven-headed hydra
  9876 | D:12     | Reached skill level 12 in Shields
  9876 | D:12     | Reached XP level 12. HP: 18/110 MP: 11/11
  9996 | D:12     | Found a staircase to the Orcish Mines.
  9998 | D:12     | Noticed a five-headed hydra
 10007 | D:12     | Killed a five-headed hydra
 10170 | D:12     | Reached **** piety under Ashenzari
 10541 | D:13     | Noticed a tengu warrior
 10558 | D:13     | Killed a tengu warrior
 10580 | D:13     | Reached skill level 13 in Shields
 10795 | D:13     | Noticed a vault guard
 11133 | D:13     | Reached skill level 14 in Shields
 11364 | D:13     | Noticed a vault guard
 11927 | Lair:1   | Entered Level 1 of the Lair of Beasts
 11956 | Lair:1   | Reached XP level 13. HP: 101/119 MP: 12/12
 13147 | Lair:3   | Found a glowing golden altar of the Shining One.
 13351 | Lair:3   | Noticed Maud
 13369 | Lair:3   | Killed Maud
 13369 | Lair:3   | Reached skill level 1 in Throwing
 13370 | Lair:3   | Reached skill level 15 in Shields
 13453 | Lair:3   | Reached ***** piety under Ashenzari
 14377 | Lair:4   | Found a staircase to the Swamp.
 14684 | Lair:5   | Found a hole to the Spider Nest.
 14751 | Lair:5   | Identified the +1 falchion of Attainder {holy, rPois Int-4 SInv}
 15432 | Lair:6   | Found a frozen archway.
 15483 | IceCv    | Entered an ice cave
 15651 | IceCv    | Identified the +11 spear "Death Rattle" {pierce, +Fly rElec rC+ Str-5}
 16069 | Lair:6   | Reached ****** piety under Ashenzari
 16613 | Lair:6   | Reached skill level 1 in Polearms
 16869 | Lair:7   | Found a staircase to the Slime Pits.
 16876 | Lair:7   | Reached XP level 14. HP: 130/130 MP: 13/13
 16955 | Lair:7   | Reached skill level 5 in Polearms
 16974 | Lair:7   | Found a white marble altar of Elyvilon.
 17162 | Lair:7   | Reached skill level 5 in Throwing
 17437 | Lair:8   | Entered Level 8 of the Lair of Beasts
 17867 | Lair:8   | Reached skill level 10 in Polearms
 17993 | Lair:8   | Reduced skill Maces & Flails to level 10
 18408 | Lair:8   | Demolished by a death yak

Skill      XL: |  1  2  3  4  5  6  7  8  9 10 11 12 13 14 |
---------------+-------------------------------------------+-----
Fighting       | 4 5 6 7 9 10 11 12 13 | 13.8
Shields        | 4 5 6 7 9 10 12 14 15 | 15.8
Armour         | 4 5 6 7 9 10 11 12 13 | 13.8
Maces & Flails | 3 4 5 6 7 9 11 13 9 |  9.5
Throwing       | 4 6 |  6.6
Polearms       | 4 13 | 13.0

Action                   |  1- 3 |  4- 6 |  7- 9 | 10-12 | 13-15 || total
-------------------------+-------+-------+-------+-------+-------++-------
Melee: Flail             |    95 |    84 |       |   283 |   453 ||   915
       Headbutt          |    13 |    21 |    91 |   224 |   206 ||   555
       Mace              |       |    65 |   417 |   606 |       ||  1088
       Kick              |       |       |    90 |       |       ||    90
       Spear             |       |       |       |       |   509 ||   509
Throw: Throwing net      |       |       |       |     3 |       ||     3
Invok: Curse Item        |       |     2 |     3 |     1 |     5 ||    11
       Scrying           |       |       |     2 |    12 |     3 ||    17
       Transfer Knowledg |       |       |       |       |     1 ||     1
Evoke: Wand              |       |       |       |       |     2 ||     2
       Sack of spiders   |       |       |       |       |     1 ||     1
  Use: Potion            |       |       |     2 |     7 |     8 ||    17
       Scroll            |       |       |     1 |    13 |    27 ||    41
 Stab: Held in net/web   |       |       |       |     3 |       ||     3
       Petrified         |       |       |       |       |     5 ||     5
       Sleeping          |       |       |       |       |     2 ||     2
       Distracted        |       |       |       |       |     1 ||     1
  Eat: Chunk             |     1 |     5 |    16 |    21 |    19 ||    62
       Pizza             |       |       |     1 |     1 |     2 ||     4
Armor: Scale mail        |    39 |    61 |   185 |    84 |       ||   369
       Ring mail         |       |       |       |   155 |    13 ||   168
       Skin              |       |       |       |    11 |     7 ||    18
       Troll leather arm |       |       |       |       |   151 ||   151
Dodge: Dodged            |    29 |    45 |   113 |   187 |   194 ||   568
Block: Shield            |    45 |    83 |   245 |   489 |   451 ||  1313
